 Dungeon Crawl Stone Soup version 0.30-a0-335-ge5acde7520 (webtiles) character file.

Game seed: 12479374079260104726

36892 koil the Fighter (level 13, 0/146 HPs)
             Began as an Ogre Cinder Acolyte on Oct 31, 2022.
             Was an Initiate of Ignis.
             Slain by a cane toad (12 damage)
             ... on level 5 of the Lair of Beasts.
             The game lasted 01:37:15 (19918 turns).

koil the Fighter (Ogre Cinder Acolyte)             Turns: 19918, Time: 01:37:16

Health: 0/146      AC:  7    Str: 19    XL:     13   Next: 93%
Magic:  0/24       EV: 14    Int: 25    God:    Ignis [......]
Gold:   1930       SH:  0    Dex:  4    Spells: 22/32 levels left

rFire   + . .      SeeInvis .    a - +7 war axe (freeze)
rCold   . . .      Faith    .    (no shield)
rNeg    . . .      Spirit   +    t - +0 troll leather armour
rPois   .          Reflect  .    b - +1 hat {Will+}
rElec   .          Harm     .    w - +0 cloak
rCorr   .          Rampage  .    (gloves unavailable)
Will    ++...                    (boots unavailable)
Stlth   +.........               f - amulet of guardian spirit
HPRegen 1.24/turn                g - +4 ring of evasion
MPRegen 0.19/turn                X - +6 ring of intelligence

@: lethally poisoned (0 -> -16), rising, flying
A: large, unfitting armour, tough skin 1, low MP 1, weak 1
a: Renounce Religion


You were on level 5 of the Lair of Beasts.
You worshipped Ignis.
Ignis was noncommittal.
You visited 3 branches of the dungeon, and saw 18 of its levels.
You also visited: Bailey.

You collected 1930 gold pieces.

Inventory:

Hand Weapons
 a - a +7 war axe of freezing (weapon)
 m - a +3 vorpal war axe
 M - a +0 war axe of electrocution
Missiles
 c - 58 poisoned darts
 I - 5 datura-tipped darts
 O - 2 curare-tipped darts
Armour
 b - a +1 hat of willpower (worn)
 n - +0 swamp dragon scales
 r - a +2 robe of resistance
 t - a +0 troll leather armour (worn)
 w - a +0 cloak (worn)
Jewellery
 f - an amulet of guardian spirit (around neck)
 g - a +4 ring of evasion (left hand)
 h - a ring of flight
 y - a +4 ring of slaying
 F - a ring of protection from cold
 H - a ring of magical power
 X - a +6 ring of intelligence (right hand)
 Y - a +6 ring of intelligence
Wands
 k - a wand of mindburst (24)
 u - a wand of light (18)
 G - a wand of paralysis (8)
 U - a wand of digging (8)
 Z - a wand of iceblast (14)
Scrolls
 d - a scroll of enchant weapon
 e - 3 scrolls of immolation
 i - a scroll of summoning
 j - 2 scrolls of teleportation
 o - 4 scrolls of vulnerability
 v - a scroll of fog
 D - a scroll of poison
 K - 6 scrolls of identify
 P - 2 scrolls of fear
 R - 3 scrolls of magic mapping
Potions
 p - 2 potions of ambrosia
 q - 2 potions of brilliance
 x - 5 potions of flight
 z - 5 potions of haste
 A - 5 potions of might
 B - 2 potions of resistance
 C - 2 potions of experience
 J - 2 potions of curing
 L - 3 potions of invisibility
 N - 4 potions of magic
 V - 3 potions of heal wounds


   Skills:
 + Level 14.2 Fighting
 + Level 11.1 Axes
 - Level 6.1 Throwing
 + Level 9.7 Dodging
 - Level 10.0 Spellcasting
 - Level 7.4 Fire Magic
 - Level 7.0 Ice Magic


You had 22 spell levels left.
You knew the following spells:

 Your Spells              Type           Power      Damage    Failure   Level
a - Scorch                Fire           98%        2d9       1%          2
b - Hailstorm             Conj/Ice       30%        3d8       4%          3
c - Ensorcelled Hibernat  Hex/Ice        60%        N/A       1%          2
d - Swiftness             Air            12%        N/A       17%         3

Your spell library contained the following spells:

 Spells                   Type           Power      Damage    Failure   Level
 Passwall                 Tmut/Erth      10%        N/A       9%          2
 Ice Form                 Ice/Tmut       30%        N/A       14%         4
 Portal Projectile        Hex/Tloc       24%        N/A       17%         3
 Spider Form              Tmut/Pois      12%        N/A       17%         3
 Stone Arrow              Conj/Erth      24%        3d8       17%         3
 Tukima's Dance           Hex            12%        N/A       17%         3
 Anguish                  Hex/Necr       6%         N/A       50%         4
 Animate Armour           Summ/Erth      24%        N/A       50%         4
 Cause Fear               Hex            6%         N/A       50%         4
 Blade Hands              Tmut           6%         N/A       85%         5
 Simulacrum               Ice/Necr       15%        N/A       91%         6
 Eringya's Noxious Bog    Tmut/Pois      6%         N/A       100%        6
 Dragon Form              Tmut           6%         N/A       100%        7
 Lehudib's Crystal Spear  Conj/Erth      6%         10d3      100%        8
 Dragon's Call            Summ           6%         N/A       100%        9


Dungeon Overview and Level Annotations

Branches:
Dungeon (12/15)            Temple (1/1) D:7            Lair (5/5) D:8
  Swamp (0/4) Lair:3        Snake (0/4) Lair:3        Slime (0/5) Lair:4
    Orc (0/2) D:11         Bailey (visited)

Altars:
Elyvilon
Fedhas
Kikubaaqudgha
Makhleb
Nemelex Xobeh
Ru
Sif Muna
Xom
Zin
The Shining One

Shops:
D:3 (

Annotations:
D:12 Azrael, Fannar
Lair:1 3 runed translucent doors, Dasearox's ghost, journeyman DsFE
Lair:5 2 transporters, exclusion: oklob plant, billz999's ghost, journeyman GnHu


Innate Abilities, Weirdness & Mutations

You are too large for most types of armour.
You have tough skin. (AC +1)
Your magical capacity is low. (-10% MP)
You are weak. (Str -2)


Message History

Unknown command.
Unknown command.
You begin to rise into the air.
The black mamba bites you! The black mamba barely misses you.
The redback bites you! The cane toad barely misses you.
The black mamba bites you! The wolf spider hits you! The wolf spider bites you!
You are poisoned.
The wolf spider poisons you! The cane toad stings you!
The black mamba closely misses you.
You feel better. The black mamba closely misses you. The redback bites you!
The wolf spider hits you!
The wolf spider bites you but does no damage.
The black mamba barely misses you. The cane toad barely misses you.
The guardian serpent coils itself and waves its upper body at you.
The bolt of poison misses you.
The bolt of poison hits the black mamba!
The black mamba bites you.
* * * LOW HITPOINT WARNING * * *
The redback closely misses you. The cane toad closely misses you.
The wolf spider hits you!
* * * LOW HITPOINT WARNING * * *
The wolf spider bites you.
* * * LOW HITPOINT WARNING * * *
The black mamba bites you.
* * * LOW HITPOINT WARNING * * *
You are poisoned.
The black mamba poisons you!
Unknown command.
You feel much better.
You feel very sick.
The black mamba bites you but does no damage.
The cane toad misses you. The redback misses you. The black mamba bites you!
* * * LOW HITPOINT WARNING * * *
The wolf spider closely misses you. The wolf spider bites you!
* * * LOW HITPOINT WARNING * * *
The black mamba barely misses you. The cane toad stings you!
* * * LOW HITPOINT WARNING * * *
You are lethally poisoned!
The cane toad poisons you! The cane toad stings you!
You die...

,,,,.,,,##....#,,,,,,#....##.PP#.
,,*,,,,,.##...##,...##...##...P.÷
,*,,,,,,..##...#,...#...##......÷
,,,,,*,,...##..##..##..##.....#..
*,,,,***....##..#..#..##....###..
,*,,,,,**#..$##.#..#.##[..###.P..
,,**,,,,,**#....#S.###,,###......
,,***,,,,,,###.s.s..##**#........
,** *,*,,,,,,##F@FP..#*.........#
##**##,,,,,,,*#SSP...#*.........#
#.##.#,,,,,#####)...##*##......#.
.....,,,,###).#######*,,###.....#
.....,,###....(..#*,,**,,,###....
....####....##.!##**,,**,,,,###..
##...#.Y...##...#,,*,,,**,,,,,#.P
#P..#P.Y..##...##,,**,,,**,,,,...
*#.......##....#,,,,*,,,,**,,....


You could see a wolf spider, a guardian serpent, 2 black mambas, 2 cane toads
and a redback.

Vanquished Creatures
  2 hydras (Lair:4)
  Erica (Lair:2)
  A boulder beetle (Lair:4)
  2 two-headed ogres
  Amaemon (Lair:2)
  Sonja (Lair:2)
  3 bog bodies (Lair:3)
  An orc knight (Bailey)
  A cyclops (D:11)
  2 manticores
  6 black mambas
  11 elephants
  An orange demon (Lair:2)
  7 cane toads
  Joseph (D:7)
  A rime drake (Lair:4)
  A kobold demonologist (D:10)
  Maggie (Lair:2)
  An unseen horror (D:11)
  6 komodo dragons
  2 polar bears (Lair:4)
  A troll (D:10)
  6 slime creatures
  4 hornets
  21 blink frogs
  A shadow (D:10)
  6 yaks
  2 wraiths (D:11)
  Sigmund (D:2)
  11 wyverns
  3 basilisks
  2 steam dragons
  6 nagas (Lair:3)
  An acid dragon (D:12)
  23 water moccasins
  3 sky beasts (D:6)
  5 black bears
  The ghost of tgiblernsday the Chopper, an amateur HOFi (D:4)
  2 orc warriors
  An ogre (D:5)
  4 centaurs
  3 kobold brigands
  14 bullfrogs
  2 scorpions (D:6)
  4 wights (D:9)
  18 killer bees
  8 howler monkeys
  An electric eel (Lair:3)
  A jelly (D:5)
  5 orc priests
  Crazy Yiuf (D:3)
  3 hounds
  Natasha (thrice) (D:2)
  An iguana (D:5)
  10 orc wizards
  9 adders
  16 gnolls
  A shadow imp (D:7)
  3 white imps
  A worm (D:3)
  A dart slug (D:4)
  50 orcs
  6 ball pythons
  10 bats
  9 endoplasms
  3 giant cockroaches
  2 goblins
  9 hobgoblins
  7 jackals
  5 quokkas
  3 frilled lizards (D:1)
  15 kobolds
  3 rats
384 creatures vanquished.

Vanquished Creatures (others)
  A bush (Lair:2)
  42 fungi
  75 plants
  2 withered plants (D:1)
120 creatures vanquished.

Grand Total: 504 creatures vanquished

Notes
Turn   | Place    | Note
-------+----------+-------------------------------------------
     0 | D:1      | koil the Ogre Cinder Acolyte began the quest for the Orb.
     0 | D:1      | Reached XP level 1. HP: 24/24 MP: 2/2
    17 | D:1      | Found a faded altar of an unknown god.
   134 | D:1      | Reached XP level 2. HP: 32/32 MP: 4/4
   137 | D:1      | Learned a level 2 spell: Scorch
   422 | D:1      | Reached XP level 3. HP: 22/39 MP: 0/5
  1131 | D:2      | Noticed Natasha
  1135 | D:2      | Killed Natasha
  1136 | D:2      | Reached skill level 1 in Dodging
  1136 | D:2      | Reached XP level 4. HP: 49/49 MP: 1/7
  1138 | D:2      | Noticed Natasha
  1198 | D:2      | Killed Natasha
  1321 | D:2      | Reached XP level 5. HP: 24/55 MP: 0/8
  1540 | D:2      | Noticed Natasha
  1551 | D:2      | Killed Natasha
  1875 | D:2      | Noticed Sigmund
  1888 | D:2      | Killed Sigmund
  1889 | D:2      | Reached skill level 5 in Fighting
  1889 | D:2      | Reached XP level 6. HP: 62/66 MP: 1/10
  2323 | D:3      | Found a runed translucent door.
  2324 | D:3      | Noticed Crazy Yiuf
  2330 | D:3      | Killed Crazy Yiuf
  2597 | D:3      | Found Gipn's Antique Weapon Shoppe.
  2605 | D:3      | Got the Encyclopedia of Metallic Unhallowed Rituals
  2814 | D:3      | Found a sparkling altar of Nemelex Xobeh.
  2817 | D:3      | Found an ancient bone altar of Kikubaaqudgha.
  2823 | D:3      | Found a glowing silver altar of Zin.
  2826 | D:3      | Found a blossoming altar of Fedhas.
  2833 | D:3      | Found a burning altar of Makhleb.
  3203 | D:4      | Found a transporter.
  3205 | D:4      | Found a transporter.
  3205 | D:4      | Noticed tgiblernsday's ghost (amateur HOFi)
  3215 | D:4      | Noticed a black bear
  3233 | D:4      | Noticed a water moccasin
  3253 | D:3      | HP: 3/66 [poisoned by a water moccasin]
  3259 | D:3      | Reached XP level 7. HP: 27/72 MP: 4/11
  3858 | D:4      | Reached skill level 5 in Fire Magic
  3987 | D:4      | Killed tgiblernsday's ghost
  4275 | D:5      | Entered Level 5 of the Dungeon
  4280 | D:5      | Reached skill level 6 in Fighting
  4385 | D:5      | Reached XP level 8. HP: 78/83 MP: 8/14
  4967 | D:5      | Reached skill level 5 in Axes
  5560 | D:6      | Reached skill level 7 in Fighting
  5641 | D:6      | Reached skill level 5 in Spellcasting
  5641 | D:6      | Reached XP level 9. HP: 88/93 MP: 16/16
  6427 | D:7      | Noticed Joseph
  6575 | D:7      | Killed Joseph
  6576 | D:7      | Reached skill level 8 in Fighting
  6744 | D:7      | Found a staircase to the Ecumenical Temple.
  6862 | D:7      | Reached skill level 5 in Dodging
  6999 | D:7      | Got the Grimoire of the Coward
  7224 | Temple   | Entered the Ecumenical Temple
  7273 | Temple   | Identified 2 scrolls of acquirement
  7273 | Temple   | Acquired 887 gold pieces
  7275 | Temple   | Acquired a +0 hat of willpower
  7405 | Temple   | Gained mutation: Your mind is acute. (Int +4, Str/Dex -1)
                  | [potion of mutation]
  7405 | Temple   | Gained mutation: You are occasionally teleported next to
                  | monsters. [potion of mutation]
  7406 | Temple   | Lost mutation: You are occasionally teleported next to
                  | monsters. [potion of mutation]
  7406 | Temple   | Lost mutation: Your mind is acute. (Int +4, Str/Dex -1)
                  | [potion of mutation]
  7406 | Temple   | Gained mutation: You occasionally lose the ability to read
                  | scrolls when taking damage. [potion of mutation]
  7559 | D:8      | Found a staircase to the Lair.
  7603 | D:8      | Reached XP level 10. HP: 81/106 MP: 15/19
  8024 | D:8      | Reached skill level 9 in Fighting
  8171 | D:8      | Found a sacrificial altar of Ru.
  8281 | D:9      | Found a flagged portal.
  8302 | D:9      | Learned a level 3 spell: Hailstorm
  8303 | Bailey   | Entered a bailey
  8507 | Bailey   | Noticed an orc knight
  8519 | Bailey   | Killed an orc knight
  8520 | Bailey   | Reached skill level 1 in Throwing
  8575 | Bailey   | Lost mutation: You occasionally lose the ability to read
                  | scrolls when taking damage. [potion of mutation]
  8575 | Bailey   | Gained mutation: You have a pair of small horns on your
                  | head. [potion of mutation]
  8753 | Bailey   | Reached skill level 1 in Ice Magic
  9484 | D:9      | Noticed a two-headed ogre
  9495 | D:9      | Killed a two-headed ogre
  9685 | D:10     | Entered Level 10 of the Dungeon
  9685 | D:10     | Noticed a kobold demonologist
  9687 | D:10     | Noticed an orange demon
  9696 | D:10     | Killed a kobold demonologist
  9697 | D:10     | Reached XP level 11. HP: 65/117 MP: 9/22
  9938 | D:10     | Reached skill level 10 in Fighting
 11012 | D:11     | Found a staircase to the Orcish Mines.
 11154 | D:11     | Noticed a cyclops
 11158 | D:11     | Killed a cyclops
 11220 | D:11     | Lost mutation: You have a pair of small horns on your head.
                  | [potion of mutation]
 11220 | D:11     | Gained mutation: You have hidden genetic defects. [potion
                  | of mutation]
 11434 | D:11     | You fall into a shaft and drop 1 floor!
 11436 | D:12     | Noticed a manticore
 11442 | D:12     | Killed a manticore
 11472 | D:12     | Noticed Azrael
 11473 | D:12     | Noticed Fannar
 11649 | D:11     | Noticed a two-headed ogre
 11658 | D:11     | Killed a two-headed ogre
 11837 | D:11     | Gained mutation: Your magical capacity is low. (-10% MP)
                  | [hidden defects]
 12149 | D:11     | Noticed a manticore
 12159 | D:11     | Killed a manticore
 12393 | Lair:1   | Entered Level 1 of the Lair of Beasts
 12617 | Lair:1   | Gained mutation: You are weak. (Str -2) [hidden defects]
 12617 | Lair:1   | Lost mutation: You have hidden genetic defects. [hidden
                  | defects expressed]
 12916 | Lair:1   | Reached skill level 11 in Fighting
 13010 | Lair:1   | Found a runed translucent gate.
 13010 | Lair:1   | Found a runed translucent gate.
 13010 | Lair:1   | Found a runed translucent gate.
 13012 | Lair:1   | Noticed a ten-headed hydra
 13012 | Lair:1   | Noticed a 12-headed hydra
 13012 | Lair:1   | Noticed Dasearox's ghost (journeyman DsFE)
 13206 | Lair:1   | Reached skill level 5 in Throwing
 13206 | Lair:1   | Reached XP level 12. HP: 89/130 MP: 13/22
 13879 | Lair:2   | Noticed Maggie
 13924 | Lair:2   | Killed Maggie
 14031 | Lair:2   | Noticed Sonja
 14060 | Lair:2   | Killed Sonja
 14128 | Lair:2   | Noticed Amaemon
 14236 | Lair:2   | Killed Amaemon
 14472 | Lair:2   | Reached skill level 5 in Ice Magic
 14593 | Lair:2   | Noticed Erica
 14598 | Lair:2   | Killed Erica
 15199 | Lair:2   | Reached skill level 12 in Fighting
 15442 | Temple   | Learned a level 2 spell: Ensorcelled Hibernation
 15446 | Temple   | Learned a level 3 spell: Swiftness
 15745 | Lair:3   | Found a staircase to the Snake Pit.
 16113 | Lair:3   | Reached skill level 10 in Spellcasting
 16211 | Lair:3   | Reached XP level 13. HP: 80/141 MP: 3/24
 16333 | Lair:3   | Found a staircase to the Swamp.
 17314 | Lair:4   | Reached skill level 10 in Axes
 17537 | Lair:4   | Reached skill level 13 in Fighting
 17593 | Lair:4   | Found a staircase to the Slime Pits.
 18569 | Lair:5   | Entered Level 5 of the Lair of Beasts
 19022 | Lair:5   | Found a transporter.
 19034 | Lair:5   | Noticed billz999's ghost (journeyman GnHu)
 19164 | Lair:5   | Found a transporter.
 19251 | Lair:5   | Found a burning altar of Makhleb.
 19413 | Lair:5   | Reached skill level 14 in Fighting
 19419 | Lair:5   | Paralysed by a hornet for 1 turns
 19918 | Lair:5   | Slain by a cane toad

Illustrated notes

Levels and vault maps discovered:
D:1:      lightli_arrival_lavapool, layout_basic,
          ebering_ecumenical_altar_petrified, nicolae_grassy_gnolls
D:2:      layout_basic, minmay_fractal_squares_gapless_5, uniq_natasha,
          uniq_sigmund
D:3:      layout_basic, minmay_overflow_temple_star_hex, serial_shops,
          nicolae_shop_overgrown_old_shop, uniq_crazy_yiuf_cottage
D:4:      layout_cave_pools, gammafunk_ghost_arena
D:5:      layout_cave_pools
D:6:      layout_cave_pools
D:7:      layout_rooms, minmay_temple_entry_statues, uniq_joseph
D:8:      layout_rooms, old_standard_altar, dpeg_oklobed_lair
D:9:      layout_roguey, enter_bailey_2
D:10:     layout_basic, st_stairs_8
D:11:     layout_gridville, orc_0_dummy
D:12:     layout_small_grid, einodemon_barbed_minivault, uniq_fannar,
          uniq_nergalle, uniq_azrael
Temple:   nicolae_temple_slightly_damp_pantheon
Lair:1:   layout_cave_pods, gammafunk_ghost_hydra_chop,
          chequers_serial_rivers_small_a, chequers_serial_rivers_small_a
Lair:2:   layout_chaotic_city, minmay_hedge_maze, grunt_megastairs_3,
          serial_bayou_shore_b, uniq_maggie, uniq_amaemon, uniq_sonja,
          uniq_erica
Lair:3:   layout_cave_shapes, nicolae_swamp_entry_splash_gauntlet,
          minmay_snake_entry_guardpost_large, lemuel_fruit_fields
Lair:4:   layout_gridlike, dpeg_slime_entry_corner, nzn_sisyphean_effort,
          serial_bayou_shore_a
Lair:5:   hangedman_lair_tendril_chambers, layout_loops_ring,
          guppyfry_lair_end_dragon, basic_altar,
          gammafunk_ghost_berserking_beasts

Skill      XL: |  1  2  3  4  5  6  7  8  9 10 11 12 13 |
---------------+----------------------------------------+-----
Fire Magic     | 3 4 5 6 7 |  7.4
Dodging        | 1 2 3 4 5 6 7 8 9 |  9.7
Spellcasting   | 2 3 4 5 6 7 8 10 | 10.0
Fighting       | 5 6 7 8 9 11 12 14 | 14.2
Axes           | 4 5 6 7 8 9 11 | 11.1
Throwing       | 3 5 6 |  6.1
Ice Magic      | 2 4 6 7 |  7.0

Action                   |  1- 3 |  4- 6 |  7- 9 | 10-12 | 13-15 || total
-------------------------+-------+-------+-------+-------+-------++-------
Melee: Hand axe          |    67 |   144 |   220 |       |       ||   431
       Punch             |       |     1 |     1 |     3 |     1 ||     6
       War axe           |       |       |    12 |   349 |   221 ||   582
       Headbutt          |       |       |       |    16 |       ||    16
Throw: Dart              |     2 |       |       |     9 |       ||    11
 Cast: Scorch            |     8 |    29 |    94 |   204 |   105 ||   440
       Ensorcelled Hiber |       |       |       |       |     1 ||     1
Invok: Fiery Armour      |       |     1 |     2 |    10 |       ||    13
       Rising Flame      |       |       |       |       |     1 ||     1
Evoke: Wand              |       |       |       |     3 |       ||     3
  Use: Potion            |       |     2 |     2 |     5 |     5 ||    14
       Scroll            |       |       |    21 |    11 |     4 ||    36
Armor: Robe              |    19 |    63 |   108 |    64 |       ||   254
       Troll leather arm |       |       |       |    97 |    80 ||   177
Dodge: Dodged            |    43 |   137 |   232 |   450 |   266 ||  1128

Table legend: (Time is in decaauts)
 A = Elapsed time spent in this place.
 B = Non-inter-level travel time spent in this place.
 C = Inter-level travel time spent in this place.
 D = Time resting spent in this place.
 E = Time spent auto-exploring this place.
 F = Levels seen in this place.
 G = Mean time per level.
                   A        B        C        D        E       F      G
               +--------+--------+--------+--------+--------+-----+--------+
         Total |  20059 |  19098 |    961 |   3880 |  11221 |  19 | 1055.7 |
       Dungeon |  11919 |  11323 |    596 |   2062 |   7169 |  12 |  993.2 |
        Temple |    265 |    243 |     22 |    100 |      4 |   1 |  265.0 |
          Lair |   7396 |   7054 |    342 |   1581 |   4025 |   5 | 1479.2 |
        Bailey |    478 |    478 |      0 |    137 |     22 |   1 |  478.0 |
               +--------+--------+--------+--------+--------+-----+--------+

Top non-repeatable levels by time:
  Lair:4: 1867 daAuts
  Lair:1: 1576 daAuts
  Lair:2: 1558 daAuts
     D:9: 1367 daAuts
  Lair:3: 1318 daAuts
    D:11: 1315 daAuts
     D:3: 1287 daAuts
     D:5: 1183 daAuts
     D:6: 1082 daAuts
  Lair:5: 1075 daAuts
     D:2: 1070 daAuts
     D:1: 1040 daAuts
     D:8: 937 daAuts
     D:4: 930 daAuts
    D:10: 860 daAuts
